 Dungeon Crawl Stone Soup version 0.26.1-11-gd32895ea62 (webtiles) character file.

Game seed: 14497567162664756515

214162 DildoBatman the Earth Mage (level 19, -3/140 HPs)
             Began as a Formicid Conjurer on July 20, 2021.
             Was an Initiate of Gozag.
             Slain by a faun
             ... wielding a +2 spear of venom
             ... led by a satyr
              (34 damage)
             ... on level 2 of the Shoals.
             The game lasted 02:18:36 (33426 turns).

DildoBatman the Earth Mage (Formicid Conjurer)     Turns: 33426, Time: 02:18:36

Health: -3/140     AC: 18    Str: 18    XL:     19   Next: 70%
Magic:  10/33      EV: 16    Int: 19    God:    Gozag
Gold:   8008       SH:  9    Dex: 17    Spells: 7/38 levels left

rFire    . . .     SeeInvis +   a - +7 trident (freeze)
rCold    + + .     Faith    .   c - +1 buckler {reflect}
rNeg     . . .     Spirit   .   o - +3 troll leather armour
rPois    .         Reflect  +   (helmet unavailable)
rElec    +         Harm     .   w - scarf {repulsion}
rCorr    .         Rampage  .   p - +1 pair of gloves {Str+3}
Will     +....     Clarity  +   J - +2 pair of boots {Fly}
Stlth    ++........             m - amulet of Sedup {RegenMP rC+ Slay+3}
HPRegen  0.73/turn              (no ring)
MPRegen  0.48/turn              A - ring "Qyadikh" {Ice rElec Str+2}

@: lethally poisoned (-3 -> -3), gold aura, flying, repel missiles
A: permanent stasis, dig shafts and tunnels, four strong arms, antennae 3, claws
1, iridescent scales 1, agile 1, clarity, fire resistance 1
}: 1/15 runes: serpentine
a: Dig, Shaft Self, Stop Flying, Renounce Religion, Potion Petition, Call
Merchant, Bribe Branch


You were on level 2 of the Shoals.
You worshipped Gozag.
Gozag was greatly pleased with you.
You visited 6 branches of the dungeon, and saw 30 of its levels.
You also visited: Sewer, Bailey and Gauntlet.

You collected 11898 gold pieces.
You spent 3609 gold pieces at shops.
You paid 281 gold pieces to Gozag.

Inventory:

Hand Weapons
 a - a +7 trident of freezing (weapon)
 b - a +4 shortbow
 d - a +4 scimitar of flaming
 e - the +7 hand axe "Mulu" {drain, MP+9 Str-2 Dex+3}
   (You found it on level 9 of the Dungeon)

   A truly terrible weapon, it drains the life of those it strikes.
   It affects your strength (-2).
   It affects your dexterity (+3).
   It affects your magic capacity (+9).
Missiles
 j - 664 arrows
 q - 250 sling bullets
 E - 10 throwing nets (quivered)
 F - 23 silver javelins
 G - 554 bolts
Armour
 c - a +1 buckler of reflection (worn)
 o - a +3 troll leather armour (worn)
 p - a +1 pair of gloves of strength (worn)
 w - a scarf of repulsion (worn)
 J - a +2 pair of boots of flying (worn)
Jewellery
 f - an uncursed ring of wizardry
 m - the amulet of Sedup (around neck) {RegenMP rC+ Slay+3}
   (You found it on level 5 of the Lair of Beasts)

   [amulet of magic regeneration]

   It increases your magic regeneration.
   It affects your accuracy and damage with ranged weapons and melee attacks
   (+3).
   It protects you from cold.
 r - an uncursed ring of resist corrosion
 A - the ring "Qyadikh" (right hand) {Ice rElec Str+2}
   (You found it on level 4 of the Lair of Beasts)

   [ring of ice]

   It enhances your ice magic.
   It affects your strength (+2).
   It makes you vulnerable to fire.
   It protects you from cold.
   It insulates you from electricity.
Wands
 h - a wand of disintegration (14)
 M - a wand of acid (44)
 W - a wand of iceblast (25)
Scrolls
 i - 4 scrolls of fog
 k - 4 scrolls of immolation
 l - a scroll of random uselessness {unknown}
 x - 12 scrolls of remove curse
 y - a scroll of fear
 z - 2 scrolls of identify
 C - 2 scrolls of magic mapping
 K - 3 scrolls of acquirement {unknown}
 O - a scroll of brand weapon {unknown}
 P - a scroll of torment {unknown}
 T - a scroll of blinking {unknown}
 U - a scroll of summoning
Potions
 g - 8 potions of might
 n - a potion of cancellation {unknown}
 s - a potion of invisibility
 v - 4 potions of magic
 D - 3 potions of ambrosia
 H - 11 potions of curing
 N - 11 potions of heal wounds
 X - 2 potions of resistance
Miscellaneous
 t - a condenser vane
 L - a phantom mirror
 Y - a box of beasts


   Skills:
 - Level 10.0 Fighting
 - Level 16.1 Armour
 - Level 7.0 Dodging
 - Level 2.4 Stealth
 - Level 15.0 Shields
 - Level 10.0 Spellcasting
 - Level 6.0 Conjurations
 * Level 14.6 Necromancy
 - Level 8.0 Transmutations
 - Level 6.0 Fire Magic
 - Level 5.0 Air Magic
 - Level 20.0 Earth Magic
 - Level 4.0 Poison Magic


You had 7 spell levels left.
You knew the following spells:

 Your Spells              Type           Power        Failure   Level
a - Borgnjor's Vile Clut  Necr/Erth      33%          1%          5
b - Conjure Flame         Conj/Fire      32%          1%          3
c - Bolt of Magma         Conj/Fire/Erth 25%          3%          5
d - Vampiric Draining     Necr           30%          1%          3
e - Mephitic Cloud        Conj/Pois/Air  28%          3%          3
g - Statue Form           Tmut/Erth      38%          4%          6
h - Dispel Undead         Necr           60%          1%          4
z - Sublimation of Blood  Necr           30%          1%          2

Your spell library contained the following spells:

 Spells                   Type           Power        Failure   Level
 Sandblast                Erth           100%         0%          1
 Animate Skeleton         Necr           100%         1%          1
 Magic Dart               Conj           100%         1%          1
 Pain                     Necr           100%         1%          1
 Sting                    Tmut/Pois      100%         1%          1
 Passwall                 Tmut/Erth      48%          1%          2
 Poisonous Vapours        Pois/Air       52%          1%          2
 Searing Ray              Conj           64%          1%          2
 Ignite Poison            Fire/Tmut/Pois 32%          1%          3
 Leda's Liquefaction      Hex/Erth       23%          1%          4
 Petrify                  Tmut/Erth      58%          1%          4
 Excruciating Wounds      Necr           30%          1%          5
 Death Channel            Necr           30%          3%          6
 Iron Shot                Conj/Erth      28%          6%          6
 Dazzling Flash           Conj/Hex       40%          7%          3
 Inner Flame              Hex/Fire       20%          7%          3
 Apportation              Tloc           18%          9%          1
 Corona                   Hex            10%          9%          1
 Summon Small Mammal      Summ           36%          9%          1
 Call Imp                 Summ           9%           12%         2
 Slow                     Hex            9%           12%         2
 Irradiate                Conj/Tmut      18%          13%         5
 Olgreb's Toxic Radiance  Pois           24%          16%         4
 Confusing Touch          Hex            9%           24%         3
 Gell's Gravitas          Tloc           4%           24%         3
 Portal Projectile        Hex/Tloc       18%          24%         3
 Fulminant Prism          Conj/Hex       10%          24%         4
 Iskenderun's Mystic Bla  Conj/Tloc      20%          24%         4
 Yara's Violent Unravell  Hex/Tmut       12%          41%         5
 Simulacrum               Ice/Necr       27%          52%         6
 Cause Fear               Hex            4%           63%         4
 Metabolic Englaciation   Hex/Ice        7%           92%         5
 Summon Demon             Summ           4%           92%         5
 Summon Forest            Summ/Tloc      4%           92%         5
 Summon Mana Viper        Hex/Summ       9%           92%         5
 Haunt                    Necr/Summ      18%          98%         7
 Dispersal                Tloc           4%           100%        6
 Shadow Creatures         Summ           N/A          100%        6
 Malign Gateway           Summ/Tloc      4%           100%        7
 Monstrous Menagerie      Summ           4%           100%        7
 Spellforged Servitor     Conj/Summ      10%          100%        7
 Summon Greater Demon     Summ           4%           100%        7
 Summon Hydra             Summ           4%           100%        7
 Borgnjor's Revivificati  Necr           30%          78%         8
 Infestation              Necr           30%          78%         8
 Shatter                  Erth           35%          92%         9
 Lehudib's Crystal Spear  Conj/Erth      28%          95%         8
 Necromutation            Tmut/Necr      25%          99%         8
 Chain Lightning          Conj/Air       15%          100%        8
 Disjunction              Tloc           4%           100%        8
 Summon Horrible Things   Summ           4%           100%        8
 Absolute Zero            Ice            7%           100%        9
 Death's Door             Necr           30%          100%        9
 Fire Storm               Conj/Fire      16%          100%        9
 Blink                    Tloc           Unusable     N/A         2

Dungeon Overview and Level Annotations

Branches:
Dungeon (15/15)            Temple (1/1) D:5            Lair (6/6) D:11
 Shoals (2/4) Lair:2        Snake (4/4) Lair:3        Slime (0/5) Lair:5
    Orc (2/2) D:12            Elf (0/3) Orc:2        Vaults (0/5) D:13
 Depths (0/5) D:15          Sewer (visited)          Bailey (visited)
Gauntlet (visited)

Altars:
Ashenzari
Cheibriados
Dithmenos
Elyvilon
Fedhas
Gozag
Hepliaklqana
Kikubaaqudgha
Makhleb
Nemelex Xobeh
Okawaru
Qazlal
Ru
Sif Muna
Trog
Uskayaw
Vehumet
Wu Jian
Xom
Yredelemnul
Zin
The Shining One

Shops:
D:11 :   D:15 [   Orc:2 :}!:


Innate Abilities, Weirdness & Mutations

You cannot be hasted, slowed, berserked, paralysed or teleported.
You can dig through walls and to a lower floor.
Your four strong arms can wield two-handed weapons with a shield.
You have a pair of large antennae on your head. (SInv)
You have sharp fingernails.
You are partially covered in iridescent scales. (AC +2)
You are agile. (Dex +2)
You possess an exceptional clarity of mind.
Your flesh is heat resistant. (rF+)


Message History

The zombie hands constrict the satyr!
You kill the satyr!
The zombie hands constrict the faun.
The faun unwields a +0 hunting sling.
The faun wields a +0 spear.
The faun closely misses you. You block the faun's attack.
The faun hits you with a +0 spear!!
Casting: Borgnjor's Vile Clutch (mildly dangerous; 1% risk of failure)
Confirm with . or Enter, or press ? or * to list all spells.
Aiming: Borgnjor's Vile Clutch (mildly dangerous; 1% risk of failure)
Press: ? - help, Shift-Dir - straight line, f - faun, p - faun
Aim: a faun, wielding a +0 spear and quivering 12 stones (strong, 0% to evade) Zombie hands grab the faun.
The zombie hands constrict the faun!
The zombie hands constrict the faun!!
You feel sick.
The faun hits you from afar with a +2 spear of venom!!
You die...
Your body crumbles into a pile of gold.

.≈.....≈≈.............≈
≈≈...<.≈......≈≈≈≈...≈≈
.....##......≈≈≈≈≈≈≈≈≈≈
≈≈≈≈≈≈...##.....≈≈≈≈≈≈≈≈≈≈≈
≈≈≈≈≈≈..........≈≈≈≈≈≈≈
≈≈.≈≈≈≈......#..≈≈≈≈≈≈≈
.$..≈≈≈.###.##..≈≈≈≈≈≈≈
...≈≈≈) ###...≈≈≈≈≈≈≈≈
...≈≈≈. ##@#..≈≈≈≈≈≈≈≈≈
..≈≈≈≈.##c###.≈≈≈≈≈≈≈≈≈
.≈≈≈c≈≈.$c(#.."≈≈≈≈≈≈≈
≈≈≈≈≈≈≈$...(!≈≈≈≈≈≈≈≈≈
≈>≈≈≈≈≈≈≈≈$≈≈≈≈≈≈≈≈≈≈≈
≈≈≈≈≈≈≈≈≈≈≈≈>≈≈≈≈≈≈≈≈≈
≈≈≈≈≈≈≈≈≈≈≈≈≈≈≈≈≈≈≈≈≈≈
≈≈≈≈≈≈≈≈≈≈≈≈≈≈≈≈≈≈≈≈≈≈
≈≈≈≈≈≈≈≈≈≈≈≈≈≈≈≈≈≈≈≈≈≈


You could see 2 fauns.

Vanquished Creatures
  Jorgrun (Shoals:1)
  A kraken (Shoals:1)
  9 nagarajas
  A balrug (Gauntlet)
  Roxanne (Shoals:1)
  An orc warlord (Orc:1)
  Aizul (Snake:1)
  A cacodemon (Gauntlet)
  Nessos (D:15)
  2 entropy weavers (D:12)
  A minotaur (Gauntlet)
  2 dire elephants
  Azrael (Orc:2)
  Snorg (D:13)
  Josephine (Orc:1)
  A merfolk impaler (Shoals:1)
  3 boulder beetles
  9 hydras
  16 naga warriors
  An anaconda (shapeshifter) (D:14)
  A catoblepas (D:13)
  7 anacondas
  An alligator (Lair:6)
  4 centaur warriors
  A death knight (D:14)
  16 two-headed ogres
  2 merfolk avatars
  2 ogre magi (Orc:2)
  A satyr (Shoals:2)
  A satyr (shapeshifter) (D:13)
  A death yak (Lair:5)
  A queen ant (D:12)
  13 naga sharpshooters
  A tengu warrior (D:14)
  Urug (Orc:2)
  6 shock serpents
  2 orc high priests (Orc:1)
  6 skeletal warriors
  2 salamander mystics (Snake:3)
  3 sea snakes (Shoals:1)
  9 naga ritualists
  2 unseen horrors
  2 deep trolls (Orc:2)
  A lindwurm (Lair:6)
  10 harpies
  2 orc knights
  A wolf spider zombie (D:11)
  6 deep elf magi
  An orc sorcerer (Orc:1)
  4 oklob plants (Lair:5)
  An orb spider (shapeshifter) (D:13)
  An ugly thing (D:11)
  10 salamanders
  8 cyclopes
  5 fauns
  10 mana vipers
  6 manticores
  2 centaur zombies
  5 merfolk sirens
  4 guardian serpents
  25 naga magi
  10 elephants
  41 black mambas
  20 cane toads
  2 gargoyles
  A komodo dragon (shapeshifter) (D:15)
  3 freezing wraiths
  9 rime drakes
  11 komodo dragons
  2 kobold demonologists
  A tengu conjurer (D:14)
  A redback zombie (D:13)
  A meliai (shapeshifter) (D:13)
  14 trolls
  13 merfolk
  6 hornets
  2 slime creatures (D:15)
  8 blink frogs
  7 polar bears
  7 dream sheep
  A boulder beetle zombie (D:12)
  2 snapping turtles (Shoals:1)
  4 water elementals
  3 shadows
  5 wyverns
  39 yaks
  Sigmund (D:5)
  4 fire elementals (Orc:2)
  A neqoxec (Gauntlet)
  7 wraiths
  4 basilisks
  A human (D:10)
  Grum (D:11)
  4 hogs (D:10)
  10 wargs
  9 vampire mosquitoes
  77 nagas
  14 water moccasins
  A cane toad zombie (Gauntlet)
  An orb spider zombie (Gauntlet)
  25 soldier ants (D:12)
  4 hell hounds
  A swamp drake (Orc:1)
  39 orc warriors
  3 ice beasts
  6 sky beasts
  3 black bears
  2 elf zombies (Gauntlet)
  22 ogres
  5 phantoms
  17 wolves
  An elf skeleton (D:12)
  10 centaurs
  A torpor snail zombie (Gauntlet)
  2 komodo dragon zombies
  23 bullfrogs
  8 big kobolds
  A wyvern zombie (D:14)
  A cyclops zombie (D:11)
  5 scorpions
  A troll zombie (Orc:1)
  24 killer bees
  A polar bear zombie (Gauntlet)
  A warg skeleton (Orc:2)
  3 troll skeletons
  15 wights
  3 electric eels (D:12)
  4 howler monkeys
  A crimson imp (Orc:1)
  2 bullfrog zombies
  2 jellies
  A quasit (D:9)
  10 hounds
  Crazy Yiuf (D:5)
  2 bullfrog skeletons
  An iron imp (Orc:1)
  15 orc priests
  31 orc wizards
  5 centaur skeletons
  6 iguanas
  32 worker ants
  An ogre zombie (D:12)
  An acid dragon skeleton (D:11)
  A hound zombie (D:9)
  3 hound skeletons
  2 howler monkey skeletons (D:10)
  15 gnolls
  4 river rats
  19 adders
  4 orc skeletons
  3 shadow imps
  3 white imps
  2 ufetubi
  4 oozes (Sewer)
  An adder zombie (D:12)
  7 worms
  3 dart slugs
  7 leopard geckos
  108 orcs
  A bat skeleton (D:11)
  A bat zombie (D:11)
  6 giant cockroaches
  14 goblins
  12 hobgoblins
  9 jackals
  9 quokkas
  7 ball pythons
  6 bats
  A dart slug zombie (D:12)
  7 frilled lizards
  A goblin zombie (D:11)
  A hobgoblin skeleton (D:11)
  2 hobgoblin zombies
  2 jackal zombies
  26 kobolds
  A leopard gecko skeleton (D:7)
  A leopard gecko zombie (D:7)
  4 orc zombies
  A quokka skeleton (D:7)
  13 rats
  A rat zombie (D:12)
1244 creatures vanquished.

Vanquished Creatures (collateral kills)
  A yak (D:12)
  An adder (D:4)
  A kobold (D:3)
3 creatures vanquished.

Vanquished Creatures (others)
  A black mamba (Snake:4)
  A soldier ant (D:12)
  4 nagas
  An orc (D:11)
  44 fungi
  149 plants
  104 tentacles (Shoals:1)
304 creatures vanquished.

Grand Total: 1551 creatures vanquished

Notes
Turn   | Place    | Note
-------+----------+-------------------------------------------
     0 | D:1      | DildoBatman the Formicid Conjurer began the quest for the
                  | Orb.
     0 | D:1      | Reached XP level 1. HP: 13/13 MP: 3/3
   275 | D:1      | Reached XP level 2. HP: 16/19 MP: 3/5
   278 | D:1      | Learned a level 2 spell: Searing Ray
  1229 | D:2      | Reached XP level 3. HP: 24/24 MP: 3/6
  1332 | D:2      | Reached XP level 4. HP: 19/30 MP: 1/7
  1647 | D:2      | Reached skill level 5 in Conjurations
  1731 | D:2      | Found a faded altar of an unknown god.
  2022 | D:2      | Became a worshipper of Hepliaklqana the Forgotten
  2022 | D:2      | Reached * piety under Hepliaklqana
  2546 | D:3      | Found a hazy altar of Hepliaklqana.
  2648 | D:3      | Reached XP level 5. HP: 32/32 MP: 1/8
  2754 | D:4      | Reached skill level 1 in Armour
  2755 | D:4      | Fell from the grace of Hepliaklqana
  2835 | D:4      | Found a blossoming altar of Fedhas.
  2852 | D:4      | Noticed a centaur
  3061 | D:5      | Entered Level 5 of the Dungeon
  3091 | D:5      | Noticed a phantom
  3175 | D:5      | Found a staircase to the Ecumenical Temple.
  3179 | Temple   | Entered the Ecumenical Temple
  3265 | Temple   | Became a worshipper of Kikubaaqudgha
  3390 | D:5      | Noticed Sigmund
  3561 | D:5      | Found a glowing drain.
  3567 | Sewer    | Entered a sewer
  3732 | Sewer    | Reached * piety under Kikubaaqudgha
  3732 | Sewer    | Identified Kikubaaqudgha's Collected Works on Evil
                  | (Kikubaaqudgha gifted it to you in a sewer)
  3732 | Sewer    | Received a gift from Kikubaaqudgha
  3861 | Sewer    | Was forgiven by Hepliaklqana
  3861 | Sewer    | Reached skill level 1 in Fighting
  4056 | Sewer    | Noticed a big kobold
  4068 | Sewer    | Killed a big kobold
  4069 | Sewer    | Reached XP level 6. HP: 40/44 MP: 3/10
  4216 | Sewer    | Reached XP level 7. HP: 47/50 MP: 9/12
  4410 | D:5      | Killed Sigmund
  4411 | D:5      | Reached skill level 5 in Spellcasting
  4533 | D:5      | Reached ** piety under Kikubaaqudgha
  4540 | D:5      | Reached XP level 8. HP: 46/56 MP: 8/17
  4914 | D:5      | Reached *** piety under Kikubaaqudgha
  4914 | D:5      | Identified Kikubaaqudgha's Disquisition on Unholy Rites
                  | (Kikubaaqudgha gifted it to you on level 5 of the Dungeon)
  4914 | D:5      | Received a gift from Kikubaaqudgha
  4916 | D:5      | Reached skill level 1 in Necromancy
  5116 | D:5      | Found a sacrificial altar of Ru.
  5208 | D:5      | Found a runed translucent door.
  5208 | D:5      | Noticed Crazy Yiuf
  5241 | D:5      | Killed Crazy Yiuf
  5466 | D:4      | Learned a level 2 spell: Sublimation of Blood
  5470 | D:4      | Learned a level 3 spell: Vampiric Draining
  5475 | D:4      | Learned a level 4 spell: Dispel Undead
  5481 | D:4      | Learned a level 5 spell: Borgnjor's Vile Clutch
  5569 | D:4      | Reached skill level 1 in Earth Magic
  5614 | D:4      | Reached skill level 2 in Earth Magic
  5614 | D:4      | Reached XP level 9. HP: 38/61 MP: 11/19
  5754 | D:4      | Reached skill level 5 in Necromancy
  6190 | D:6      | Reached skill level 3 in Earth Magic
  6384 | D:6      | Reached skill level 4 in Earth Magic
  6639 | D:6      | Reached skill level 5 in Earth Magic
  6823 | D:6      | Reached **** piety under Kikubaaqudgha
  6992 | D:7      | Reached skill level 6 in Earth Magic
  7201 | D:7      | Reached XP level 10. HP: 53/67 MP: 8/20
  7230 | D:7      | Reached skill level 7 in Earth Magic
  7567 | D:7      | Found a stormy altar of Qazlal.
  7568 | D:7      | Found a sacrificial altar of Ru.
  7568 | D:7      | Found an iron altar of Okawaru.
  7570 | D:7      | Found a shimmering blue altar of Sif Muna.
  7913 | D:8      | Reached skill level 8 in Earth Magic
  8008 | D:8      | Learned a level 3 spell: Mephitic Cloud
  8040 | D:8      | Noticed a two-headed ogre
  8080 | D:8      | Killed a two-headed ogre
  8081 | D:8      | Reached skill level 1 in Air Magic
  8323 | D:8      | Gained mutation: Your movements are slightly less
                  | encumbered by armour. (ER -2) [potion of mutation]
  8323 | D:8      | Gained mutation: You are robust. (+10% HP) [potion of
                  | mutation]
  8323 | D:8      | Gained mutation: You have sharp fingernails. [potion of
                  | mutation]
  8324 | D:8      | Lost mutation: Your movements are slightly less encumbered
                  | by armour. (ER -2) [potion of mutation]
  8324 | D:8      | Gained mutation: You are partially covered in iridescent
                  | scales. (AC +2) [potion of mutation]
  8324 | D:8      | Gained mutation: You are agile. (Dex +2) [potion of
                  | mutation]
  8324 | D:8      | Gained mutation: You are partially covered in large bone
                  | plates. (SH +4) [potion of mutation]
  8428 | D:8      | Reached ***** piety under Kikubaaqudgha
  8782 | D:9      | Reached skill level 9 in Earth Magic
  8894 | D:9      | Noticed a two-headed ogre
  8899 | D:9      | Killed a two-headed ogre
  8900 | D:9      | Reached XP level 11. HP: 79/79 MP: 2/21
  9059 | D:9      | Reached skill level 10 in Earth Magic
  9124 | D:9      | Got a slimy whip
  9125 | D:9      | Identified the +4 whip of Impatience {vorpal, rC+} (You
                  | found it on level 9 of the Dungeon)
  9195 | D:9      | Reached skill level 1 in Shields
  9367 | D:9      | Found an iron altar of Okawaru.
  9375 | D:9      | Got a shimmering hand axe
  9664 | D:9      | Identified the +7 hand axe "Mulu" {drain, MP+9 Str-2 Dex+3}
                  | (You found it on level 9 of the Dungeon)
  9673 | D:10     | Entered Level 10 of the Dungeon
  9996 | D:10     | Reached skill level 10 in Necromancy
 10152 | D:10     | Noticed a two-headed ogre
 10173 | D:10     | Killed a two-headed ogre
 10526 | D:10     | Reached skill level 5 in Air Magic
 10701 | D:11     | Reached skill level 11 in Earth Magic
 10758 | D:11     | Noticed Grum
 10771 | D:11     | Reached XP level 12. HP: 85/85 MP: 22/22
 10775 | D:11     | Killed Grum
 10775 | D:11     | Reached ****** piety under Kikubaaqudgha
 10776 | D:11     | Received a gift from Kikubaaqudgha
 10777 | D:11     | Fell from the grace of Kikubaaqudgha
 11014 | Temple   | Became a worshipper of Gozag Ym Sagoz the Greedy
 11162 | D:8      | You are sucked into a shaft and drop 3 floors!
 11175 | D:11     | Found a flagged portal.
 11183 | Bailey   | Entered a bailey
 11542 | Bailey   | Found a roughly hewn altar of Beogh.
 11896 | D:11     | Found Opeac's Book Shoppe.
 11981 | D:11     | Reached skill level 12 in Earth Magic
 12076 | D:11     | Noticed a two-headed ogre
 12098 | D:11     | Killed a two-headed ogre
 12474 | D:11     | Noticed a boulder beetle
 12490 | D:11     | Killed a boulder beetle
 12501 | D:11     | Found a staircase to the Lair.
 12996 | D:12     | Noticed a soul eater
 12997 | D:12     | Reached skill level 5 in Shields
 13099 | D:12     | Reached XP level 13. HP: 94/96 MP: 10/23
 13199 | D:12     | Found a staircase to the Orcish Mines.
 13319 | D:12     | Reached skill level 5 in Fighting
 13319 | D:12     | Reached skill level 5 in Armour
 13401 | D:12     | Noticed an entropy weaver
 13410 | D:12     | Killed an entropy weaver
 13411 | D:12     | Reached skill level 10 in Shields
 13522 | D:12     | Noticed an entropy weaver
 13532 | D:12     | Killed an entropy weaver
 14231 | Orc:1    | Entered Level 1 of the Orcish Mines
 14448 | Orc:1    | Reached XP level 14. HP: 97/107 MP: 15/24
 14510 | Orc:1    | Learned a level 3 spell: Conjure Flame
 14553 | Orc:1    | Noticed Josephine
 14565 | Orc:1    | Killed Josephine
 14793 | Orc:1    | Noticed an orc warlord
 14822 | Orc:1    | Killed an orc warlord
 14823 | Orc:1    | Reached skill level 5 in Fire Magic
 15082 | Orc:2    | Entered Level 2 of the Orcish Mines
 15324 | Orc:2    | Noticed Urug
 15339 | Orc:2    | Killed Urug
 15472 | Orc:2    | Noticed Azrael
 15493 | Orc:2    | Killed Azrael
 15637 | Orc:2    | Reached skill level 15 in Shields
 15679 | Orc:2    | Reached skill level 5 in Dodging
 15719 | Orc:2    | Reached XP level 15. HP: 64/118 MP: 9/27
 15992 | Orc:2    | Found a staircase to the Elven Halls.
 16042 | Orc:2    | Found Jiypli Seat's Gadget Shoppe.
 16047 | Orc:2    | Found Dadwijie's Book Shoppe.
 16048 | Orc:2    | Found Suinom's Distillery.
 16050 | Orc:2    | Bought a wand of acid (6) for 320 gold pieces
 16050 | Orc:2    | Bought a wand of acid (9) for 416 gold pieces
 16050 | Orc:2    | Bought a wand of iceblast (9) for 208 gold pieces
 16055 | Orc:2    | Bought a manual of Armour for 1545 gold pieces
 16055 | Orc:2    | Bought a book of the Earth for 910 gold pieces
 16059 | Orc:2    | Found Aplaiff's Book Emporium.
 16062 | Orc:2    | Bought a potion of curing for 45 gold pieces
 16062 | Orc:2    | Bought a potion of curing for 45 gold pieces
 16062 | Orc:2    | Bought a potion of mutation for 120 gold pieces
 16487 | D:11     | Lost mutation: You are partially covered in large bone
                  | plates. (SH +4) [potion of mutation]
 16487 | D:11     | Lost mutation: You are robust. (+10% HP) [potion of
                  | mutation]
 16487 | D:11     | Gained mutation: You possess an exceptional clarity of
                  | mind. [potion of mutation]
 16487 | D:11     | Gained mutation: Your flesh is heat resistant. (rF+)
                  | [potion of mutation]
 16494 | Lair:1   | Entered Level 1 of the Lair of Beasts
 17662 | Lair:2   | Found a gate leading to a gauntlet.
 17679 | Gauntlet | Entered a Gauntlet
 17679 | Gauntlet | Found a transporter.
 17690 | Gauntlet | Found a transporter.
 17709 | Gauntlet | Found a transporter.
 17713 | Gauntlet | Found a transporter.
 17738 | Gauntlet | Found a transporter.
 17750 | Gauntlet | Found a runed translucent door.
 17755 | Gauntlet | Found a transporter.
 17755 | Gauntlet | Noticed a balrug
 17768 | Gauntlet | Found a transporter.
 17787 | Gauntlet | Noticed a cacodemon
 17801 | Gauntlet | Found a transporter.
 17801 | Gauntlet | Found a transporter.
 17801 | Gauntlet | Found a runed translucent door.
 17806 | Gauntlet | Noticed a balrug
 17809 | Gauntlet | Found a transporter.
 17819 | Gauntlet | Found a runed translucent door.
 17843 | Gauntlet | Found a transporter.
 17843 | Gauntlet | Found a transporter.
 18181 | Gauntlet | Killed a balrug
 18193 | Gauntlet | Got a pair of ancient boots
 18212 | Gauntlet | Identified the cursed +0 pair of boots "Dafutergh"
                  | {Rampage} (You found it in a Gauntlet)
 18263 | Gauntlet | Killed a cacodemon
 18264 | Gauntlet | Reached skill level 13 in Earth Magic
 18265 | Gauntlet | Was forgiven by Kikubaaqudgha
 18386 | Gauntlet | Got a bloodstained robe
 18462 | Gauntlet | Identified the +2 robe "Nowitsef" {rC++} (You found it in a
                  | Gauntlet)
 18482 | Gauntlet | Learned a level 9 spell: Shatter
 18674 | Lair:2   | Found a staircase to the Shoals.
 19570 | Lair:3   | Found a staircase to the Snake Pit.
 20417 | Snake:1  | Entered Level 1 of the Snake Pit
 20545 | Lair:4   | Got a clouded granite ring
 20555 | Lair:4   | Identified the ring "Qyadikh" {Ice rElec Str+2} (You found
                  | it on level 4 of the Lair of Beasts)
 20625 | Lair:4   | You are sucked into a shaft and drop 2 floors!
 20625 | Lair:6   | Entered Level 6 of the Lair of Beasts
 21005 | Lair:6   | Reached skill level 10 in Armour
 21119 | Lair:6   | Reached XP level 16. HP: 119/119 MP: 22/29
 21343 | Lair:6   | Reached skill level 10 in Spellcasting
 21839 | Lair:5   | Reached skill level 10 in Fighting
 22181 | Lair:5   | Found a staircase to the Slime Pits.
 22486 | Lair:5   | Got a fine copper amulet
 22798 | Lair:5   | Identified the amulet of Sedup {RegenMP rC+ Slay+3} (You
                  | found it on level 5 of the Lair of Beasts)
 23189 | Lair:4   | Identified the Volume of Attacks
 23347 | Lair:4   | Learned a level 6 spell: Statue Form
 23354 | Lair:4   | Learned a level 5 spell: Bolt of Magma
 23638 | D:13     | Noticed Snorg
 23645 | D:13     | Killed Snorg
 23646 | D:13     | Reached skill level 15 in Armour
 23752 | D:13     | Found a gate to the Vaults.
 24299 | D:13     | Reached skill level 1 in Transmutations
 24732 | D:14     | Reached XP level 17. HP: 62/128 MP: 19/31
 24897 | D:14     | You are sucked into a shaft and drop 1 floor!
 24897 | D:15     | Entered Level 15 of the Dungeon
 25084 | D:15     | Reached skill level 14 in Earth Magic
 25149 | D:15     | Noticed Nessos
 25162 | D:15     | Killed Nessos
 25204 | D:15     | Found Deofer's Armour Boutique.
 25206 | D:15     | Got a brightly glowing shortbow
 25209 | D:15     | Identified the +4 shortbow of Xapugoq {flame, rN+ Str+7
                  | Int-2} (You found it on level 15 of the Dungeon)
 25402 | D:15     | Reached skill level 5 in Transmutations
 25659 | D:15     | Found a staircase to the Depths.
 27239 | Snake:1  | Reached skill level 15 in Earth Magic
 27384 | Snake:1  | Noticed Aizul
 27394 | Snake:1  | Killed Aizul
 28067 | Snake:2  | Reached skill level 16 in Earth Magic
 28299 | Snake:2  | Reached XP level 18. HP: 75/134 MP: 23/32
 28830 | Snake:2  | Reached skill level 17 in Earth Magic
 29361 | Snake:3  | Reached skill level 18 in Earth Magic
 30567 | Snake:4  | Entered Level 4 of the Snake Pit
 31100 | Snake:4  | Reached skill level 19 in Earth Magic
 31190 | Snake:4  | Reached XP level 19. HP: 140/140 MP: 28/33
 31543 | Snake:4  | Got a serpentine rune of Zot
 31974 | Shoals:1 | Entered Level 1 of the Shoals
 31981 | Shoals:1 | Noticed Jorgrun
 31995 | Shoals:1 | Killed Jorgrun
 32070 | Shoals:1 | Identified Roxanne's Papyrus of the Rocks
 32070 | Shoals:1 | Noticed Roxanne
 32091 | Shoals:1 | Killed Roxanne
 32758 | Shoals:1 | Reached skill level 20 in Earth Magic
 33426 | Shoals:2 | Slain by a faun

Illustrated notes

Levels and vault maps discovered:
D:1:      roderic_octagonal_star, layout_basic
D:2:      layout_basic, chequers_ecumenical_altar_grove
D:3:      layout_rooms, nzn_hepliaklqana_mist_gate, small_statue_intersection
D:4:      layout_cave_pools, fedhas_bush_and_centaur_altar
D:5:      corexii_shantytown, layout_rooms, minmay_temple_entry_grid,
          portal_sewer_entry_e, nicolae_ru_path_of_blood, uniq_sigmund,
          uniq_crazy_yiuf_cottage
D:6:      layout_loops_ring, minmay_three_doors
D:7:      layout_loops_cross, minitemple, minmay_statues_item,
          minmay_starry_boxes
D:8:      layout_basic
D:9:      minmay_imperfect_grid, layout_irregular_city,
          okawaru_ov_weapons_minmay
D:10:     layout_basic, grunt_livestock
D:11:     layout_cave_pods, david_lair_shrubbed, serial_shops, shop,
          enter_bailey_3, uniq_grum
D:12:     layout_roguey, minmay_orc_entry_guard_dogs, serial_bayou,
          serial_bayou_pond_d, serial_bayou_shore_a, serial_bayou_lagoon_a,
          serial_bayou_shore_b, zaba_anthell
D:13:     layout_gridville, david_vaults_2, uniq_snorg
D:14:     layout_cave_pools, minmay_misc_feat_chi, minivault_22, minmay_holes,
          roderic_roman_lattice, kennysheep_opposing_triangles
D:15:     hangedman_depths_entry_try_elsewhere_first, layout_layer_cave,
          minmay_misc_feat_cross, serial_shops, nicolae_shop_trees,
          hangedman_abyss_or_decor_clamps, uniq_nessos
Temple:   minmay_crystal_spiral_temple
Lair:1:   layout_hall_layers, chequers_serial_rivers_large_a,
          beast_lair_carwin_11
Lair:2:   layout_long_grid, minmay_shoals_entry_lonely_mermaid,
          gauntlet_entry_generic
Lair:3:   layout_cave_pods, minmay_snake_entry_guardpost_small,
          grunt_forest_small_clearing_treed, lemuel_fruit_tree
Lair:4:   layout_small_grid
Lair:5:   layout_loops_ring, slime_dummy, beast_lair_carwin_6,
          grunt_megastairs_4, minmay_lair_oklob_chamber
Lair:6:   gammafunk_lair_ancient_temple, layout_loops_ring,
          hangedman_lair_generics_rect, serial_bayou_shore_b
Shoals:1: layout_shoals, uniq_jorgrun, uniq_roxanne
Shoals:2: layout_shoals, serial_shops, shop, nicolae_shoals_wave_tunnel,
          uniq_donald
Snake:1:  layout_misc_corridors, uniq_aizul
Snake:2:  layout_onion_interference, grunt_megastairs_2
Snake:3:  layout_layer_cave, nicolae_coiled_stairwell_up
Snake:4:  minmay_snake_end_coiled, layout_onion_interference
Orc:1:    layout_diamond_mine, hangedman_minor_magic, uniq_josephine
Orc:2:    st_orc_open, layout_caves, uniq_urug, uniq_azrael

Skill      XL: |  1  2  3  4  5  6  7  8  9 10 11 12 13 14 15 16 17 18 19 |
---------------+----------------------------------------------------------+-----
Conjurations   | 4 5 6 |  6.0
Armour         | 1 2 3 5 7 10 16 | 16.1
Fighting       | 1 2 4 5 7 8 10 | 10.0
Spellcasting   | 3 6 7 8 9 10 | 10.0
Necromancy     | 4 7 9 10 12 13 14 | 14.6
Earth Magic    | 2 6 9 11 12 13 16 19 20 | 20.0
Air Magic      | 3 5 |  5.0
Poison Magic   | 4 |  4.0
Shields        | 3 6 14 15 | 15.0
Dodging        | 3 5 6 7 |  7.0
Fire Magic     | 6 |  6.0
Transmutations | 2 8 |  8.0
Stealth        | |  2.4

Action                   |  1- 3 |  4- 6 |  7- 9 | 10-12 | 13-15 | 16-18 | 19-21 || total
-------------------------+-------+-------+-------+-------+-------+-------+-------++-------
Melee: Dagger            |     4 |       |       |       |       |       |       ||     4
       Falchion          |       |       |    62 |   118 |       |       |       ||   180
       Hand axe          |       |       |       |   244 |    19 |       |     8 ||   271
       Whip              |       |       |       |    18 |       |       |       ||    18
       Trident           |       |       |       |    16 |   664 |   646 |   131 ||  1457
       Scimitar          |       |       |       |       |       |     8 |       ||     8
 Fire: Hunting sling     |     6 |   125 |   113 |     4 |       |       |       ||   248
       Shortbow          |       |       |       |       |       |    61 |    61 ||   122
Throw: Stone             |     8 |       |       |       |       |       |       ||     8
 Cast: Magic Dart        |    26 |    30 |     4 |     1 |       |       |       ||    61
       Searing Ray       |     4 |    35 |    63 |    28 |     6 |       |       ||   136
       Vampiric Draining |       |       |     5 |     6 |    12 |    13 |       ||    36
       Borgnjor's Vile C |       |       |       |    69 |   187 |   291 |    87 ||   634
       Mephitic Cloud    |       |       |       |     4 |     7 |     1 |    12 ||    24
       Sublimation of Bl |       |       |       |     6 |     6 |     5 |       ||    17
       Dispel Undead     |       |       |       |     7 |     6 |    10 |       ||    23
       Conjure Flame     |       |       |       |       |       |     7 |     1 ||     8
       Bolt of Magma     |       |       |       |       |       |       |     2 ||     2
Invok: Renounce Religion |       |     1 |       |     1 |       |       |       ||     2
       Recall Ancestor   |       |     1 |       |       |       |       |       ||     1
       Ancestor Identity |       |     1 |       |       |       |       |       ||     1
       Receive Necronomi |       |       |       |     1 |       |       |       ||     1
 Abil: Dig               |     2 |    22 |    30 |    37 |    39 |    29 |     8 ||   167
       Shaft Self        |       |       |       |     1 |       |       |       ||     1
  Use: Scroll            |       |     2 |     4 |     5 |     9 |    12 |       ||    32
       Potion            |       |       |       |     2 |     3 |       |       ||     5
 Stab: Sleeping          |       |       |       |    10 |     6 |     2 |       ||    18
       Distracted        |       |       |       |     3 |     8 |     3 |       ||    14
       Confused          |       |       |       |     1 |     3 |       |       ||     4
Armor: Robe              |     1 |     9 |    23 |    19 |       |       |       ||    52
       Troll leather arm |       |       |       |    82 |   134 |   206 |    67 ||   489
Dodge: Dodged            |    23 |    63 |   136 |   330 |   279 |   472 |   138 ||  1441
       Repelled          |       |       |     1 |       |     5 |    43 |    15 ||    64
Block: Other             |       |       |       |    15 |       |       |       ||    15
       Buckler           |       |       |       |   175 |   373 |   345 |   109 ||  1002
       Reflection        |       |       |       |       |     8 |    43 |     9 ||    60
       Rpst.: Falchion   |       |       |    22 |    37 |       |       |       ||    59
       Scimitar          |       |       |       |       |       |     3 |       ||     3
